AoeStats
← Caketown

Nomad

509327764Analyzed
2v2 RM · 5d ago on Sep 26, 2026· 66m 24s· 4 players
Game mode
Random Map
Map size
176×176
Population
200
Speed
Normal
Resources
Standard
Victory
Conquest
Starting age
Dark Age
Ending age
Imperial Age
RankedLock teamsTeams togetherTeam positionsShared explorationLock speedFull tech treeHidden civsTurbo modeCheats
Victory
Defeat
🇨🇳 Danes · China
1328
+15
1251
+19
🇹🇷 Japanese · Türkiye
1331
-18
🇦🇺 Persians · Australia
1291
-16
Caketown
4:55 Loom
12:10 Feudal Age
15:56 Double-Bit Axe
20:57 Castle Age
20:55 Forging
20:40 Fishing Lines
21:40 Scale Barding Armor
21:51 Bow Saw
21:23 Horse Collar
22:40 Husbandry
25:42 Gillnets
27:29 Wheelbarrow
28:51 Fletching
29:03 Padded Archer Armor
29:12 Gold Mining
31:20 Ballistics
33:07 Bodkin Arrow
33:53 Thumb Ring
39:59 Imperial Age
45:25 Leather Archer Armor
49:19 Parthian Tactics
Brutalitops
5:45 Loom
13:33 Feudal Age
15:54 Double-Bit Axe
20:19 Castle Age
18:37 Fletching
25:18 Fishing Lines
30:25 Imperial Age
28:25 Bodkin Arrow
28:48 Bow Saw
30:40 Yasama
31:20 Gold Mining
31:49 Guard Tower
33:26 Gillnets
33:42 Town Watch
34:33 Wheelbarrow
36:05 Gold Shaft Mining
37:46 Conscription
38:35 Chemistry
40:21 Stone Mining
42:17 Hand Cart
42:27 Elite Samurai
44:34 Kataparuto
44:22 Scale Mail Armor
45:00 Forging
46:12 Chain Mail Armor
46:03 Squires
46:11 Arson
49:04 Plate Mail Armor
49:10 Iron Casting
49:53 Bracer
50:18 Ballistics
51:55 Hoardings
51:16 Arrowslits
54:21 Blast Furnace
丞相终结者
3:31 Loom
12:54 Feudal Age
14:45 Double-Bit Axe
17:23 Castle Age
17:27 Fletching
24:04 Squires
25:56 Bow Saw
26:45 Scale Mail Armor
28:19 Forging
28:25 Arson
30:31 Wheelbarrow
30:30 Chain Mail Armor
34:14 Iron Casting
33:30 Town Watch
34:24 Horse Collar
36:24 Gold Mining
36:25 Stone Mining
37:53 Medium Warships
40:24 Imperial Age
38:59 Hamask
39:04 Man-at-Arms
39:29 Gambesons
42:11 Gold Shaft Mining
42:14 Bodkin Arrow
42:03 Cranequins
43:35 Coinage
43:36 Thumb Ring
44:48 Bracer
45:57 Padded Archer Armor
46:57 Blast Furnace
46:32 Husbandry
46:42 Bloodlines
46:21 Elite Varangian Guard
48:57 Chemistry
48:26 Scale Barding Armor
47:48 Long Swordsman
49:00 Leather Archer Armor
49:38 Conscription
48:47 Light Cavalry
49:49 Chain Barding Armor
50:14 Ballistics
49:45 Two-Handed Swordsman
50:44 Hand Cart
51:18 Plate Mail Armor
51:18 Heavy Mounted Crossbowman
52:54 Capped Ram
55:49 Plate Barding Armor
60:53 Ring Archer Armor
62:49 Town Patrol
63:04 Siege Ram
64:16 Masonry
63:46 Siege Ram
66:11 Stone Mining
埃米尔.帖木儿.夏天
11:08 Loom
14:01 Feudal Age
16:04 Town Watch
19:26 Castle Age
18:14 Fletching
19:42 Crossbowman
25:33 Double-Bit Axe
30:27 Bodkin Arrow
30:35 Horse Collar
31:45 Padded Archer Armor
33:20 Bow Saw
48:37 Wheelbarrow
52:27 Imperial Age
53:49 Bracer
54:40 Capped Ram
56:46 Chemistry
56:23 Leather Archer Armor
58:28 Stone Mining
59:08 Siege Engineers
59:28 Gold Mining
60:53 Coinage
61:58 Ring Archer Armor
61:34 Heavy Plow
63:08 Thumb Ring
63:30 Ballistics
64:02 Elite Rattan Archer
66:36 Scale Barding Armor
66:42 Forging
66:33 Chatras
66:52 Scale Mail Armor
67:11 Hand Cart
Connection lost

Rejoining the realm…

Still unreachable

The connection could not be restored.

Session expired

The server has moved on; the page needs a fresh start.